[Event "Frauenbundesliga 2024-25"]
[Site "Germany"]
[Date "2025.01.25"]
[Round "3.3"]
[White "Nebolsina, Vera"]
[Black "Muetsch, Annmarie"]
[Result "1-0"]
[Annotator "TA"]
[ECO "B10"]
[WhiteElo "2213"]
[BlackElo "2252"]
[PlyCount "73"]
[EventDate "2024.11.06"]
[EventType "team-tourn"]
[EventCountry "GER"]
[SourceTitle "playchess.com"]
[Source "ChessBase"]
[SourceQuality "1"]
[WhiteTeam "Schachfreunde Deizisau"]
[BlackTeam "SG Solingen"]
[TimeControl "40/5400+30:1800+30"]

1. e4 c6 2. Nf3 d5 3. d3 dxe4 4. dxe4 Qxd1+ 5. Kxd1 Nf6 6. Nfd2 {[%emt 0:00:51] B10: Caro-Kann: 2 d3 and 2 c4.} g6 7. Bc4 $146 (7. f3 {feels stronger.}) (7. f3 Bh6 8. a4 O-O 9. c3 Be6 10. Kc2 Rd8 11. Na3 Nbd7 12. Bc4 Nc5 13. Nb3 Nxb3 14. Kxb3 Bxc1 15. Raxc1 Bxc4+ 16. Nxc4 {½-½ Xiong,J (2692)-Aravindh,C (2627) Titled Tuesday intern op 13th Jun Late blitz 2023 (7)}) 7... Bh6 8. Ke2 {[%emt 0:03:43] The position is equal.} Nbd7 9. a4 a5 10. f3 Ne5 11. Ba2 b6 12. Nc4 (12. Na3 Nfd7 13. Ndc4 Bxc1 14. Raxc1 Nxc4 15. Bxc4 Nc5 16. b3) 12... Bxc1 (12... Nxc4 {simplifies} 13. Bxc4 Bxc1 14. Rxc1 Nd7) 13. Rxc1 Ba6 14. Nbd2 g5 15. Ke3 Nfd7 {[%emt 0:02:45] A sharp opening} 16. h4 gxh4 17. Rh1 Bxc4 18. Nxc4 Rg8 19. Rag1 Nxc4+ 20. Bxc4 Ne5 21. Be2 {[%emt 0:04:31][%mdl 1024] White has compensation.} Ng6 22. f4 e5 {[%emt 0:02:04] [#]} (22... Rg7 $11) 23. f5 $1 $16 Nf4 {[%emt 0:01:01] This move loses the game for Black.} (23... Nf8 $16) 24. Bf3 $18 Ke7 25. Rxh4 Rg3 26. Rh6 (26. Rxh7 b5 27. Kf2 Rag8 $18) 26... Rc8 27. Rd1 ({Resist} 27. Rxh7 $6 Rcg8 28. Kf2 b5 29. axb5 cxb5 $18) 27... b5 28. Kf2 ({Not} 28. Rxh7 Rcg8 $18) 28... Rcg8 $2 (28... Rgg8 29. g3 (29. Rxh7 Rh8 $18) 29... Ng6 30. fxg6 hxg6) 29. Rxc6 {[%emt 0:00:48] [#]} Rxg2+ 30. Bxg2 {[%emt 0:00:08] f6+ would kill now.} Rxg2+ {[%emt 0:00:06][%mdl 4096] Endgame KRR-KRN} 31. Kf3 {[%emt 0:00:27] White mates.} f6 32. axb5 Rh2 33. Rc7+ Ke8 34. b6 Rh3+ 35. Kf2 Rh2+ 36. Kg1 Rg2+ 37. Kf1 {[%emt 0:04:09] Weighted Error Value: White=0.08 (flawless) /Black=0.66  Mistake:       	White=1     	Black=3      Inaccurate:     	---       	Black=3      OK:         	White=4     	Black=6      Best:        	White=2     	Black=1      Strong:       	White=1     	---} 1-0

[Event "Frauenbundesliga 2024-25"]
[Site "Germany"]
[Date "2025.01.25"]
[Round "3.4"]
[White "Kulon, Klaudia"]
[Black "Salimova, Nurgyul"]
[Result "1/2-1/2"]
[Annotator "TA"]
[ECO "D02"]
[WhiteElo "2393"]
[BlackElo "2402"]
[PlyCount "119"]
[EventDate "2024.11.06"]
[EventType "team-tourn"]
[EventCountry "GER"]
[SourceTitle "playchess.com"]
[Source "ChessBase"]
[SourceQuality "1"]
[WhiteTeam "Bad Koenigshofen"]
[BlackTeam "Baden-Baden"]
[TimeControl "40/5400+30:1800+30"]

1. d4 d5 2. Nf3 c5 3. Bf4 cxd4 4. Bxb8 Qa5+ 5. c3 Rxb8 6. Qxd4 {[%emt 0:01:05] D02: 1 d4 d5 2 Nf3 sidelines, including 2...Nf6 3 g3 and 2...Nf6 3 Bf4.} Nf6 7. Nbd2 g6 $146 (7... Bf5 8. Qf4 Rc8 9. Qxf5 e6 10. Qd3 b5 11. e3 a6 12. Be2 Bd6 13. Nd4 g6 {1-0 Pauco,V (1819)-Ballo,R (1877) SVK-chT2C 2122 2021 (5.5)}) 8. Qe5 Ra8 9. e4 Bg7 {[%emt 0:05:52] ...0-0 is in the air} 10. Nc4 Qd8 (10... dxc4 $2 11. Qxa5 O-O 12. Bxc4 $18) 11. Rd1 O-O $1 12. exd5 b5 {[%emt 0:08:14][%cal Of6e8] ...Ne8! is the strong threat. Black sacrificed a pawn} 13. Ne3 b4 14. cxb4 Ne8 15. Qe4 Nd6 16. Qc2 Qb6 {[%emt 0:04:26] Inhibits Nd4.} 17. a3 a5 18. Qc5 Rb8 19. Nd4 Bd7 (19... axb4 $15 20. Qxb6 Rxb6) 20. Qxb6 Rxb6 21. b3 axb4 22. a4 Ne4 (22... Rc8 $11) 23. Bc4 $1 $14 Rc8 24. O-O Nd6 25. a5 Rbb8 26. Nc6 Bxc6 27. dxc6 Nxc4 (27... Rxc6 $11 28. Nd5 Kf8) 28. Nxc4 $16 Rxc6 29. Rd7 $36 {[%emt 0:00:39][%mdl 2048] White is on the roll.} Bf6 30. Rfd1 Kg7 31. g3 {[%emt 0:00:39] White is more active.} h5 32. h4 Rb5 33. Ra7 Rf5 (33... g5 $16) 34. Kg2 Re6 35. Ne3 (35. f4 $18 {and White stays clearly on top.}) 35... Rc5 36. Nc4 (36. Rd3 $1 $16) 36... Re2 (36... Rf5 $1 $11) 37. Rd2 (37. Rb7 Rf5 38. Rf1 Bd4 $11) 37... Re1 (37... Rxd2 $14 38. Nxd2 Rd5) 38. Rb7 Ra1 {[%emt 0:01:09] Prevents Ra2.} 39. Re2 (39. Rxb4 $2 Bc3 40. Rb7 Rxc4 $19 (40... Bxa5 41. Nxa5 Raxa5 42. Rxe7 $16)) ({White should play} 39. f4 $16) 39... g5 $1 $14 40. hxg5 (40. Rxb4 gxh4 41. Re4 hxg3 42. fxg3 Ra2+ 43. Kf3 Rf5+ 44. Rf4 Rc5 $15) 40... Rxg5 41. Rxb4 h4 42. Rb7 hxg3 43. fxg3 Bd4 44. Rexe7 (44. Rbxe7 Rg1+ 45. Kf3 R1xg3+ 46. Ke4 Bc5 $14) 44... Rg1+ $2 (44... Kg6 $16 {might work better.}) 45. Kf3 $18 R1xg3+ 46. Ke4 Bf6 47. Rxf7+ Kg6 {[%emt 0:00:10] [#]} 48. Rxf6+ $1 Kxf6 {[%emt 0:00:05][%mdl 4096] Endgame KRR-KRN} 49. a6 Rg8 {[%emt 0:08:49] [#]} 50. Rb6+ $1 Ke7 {[%emt 0:00:54] [#]} 51. a7 (51. Kd5 $1 $18) 51... Ra8 $14 52. Ne5 (52. Rb7+ $1 $14 Ke6 53. Ne3) 52... Rc3 $1 $11 53. Kd4 Rc7 54. Nc6+ (54. Rh6 {simplifies} Raxa7 55. Nc6+ Rxc6 56. Rxc6 Kd7 57. Kc5) 54... Kd6 $2 (54... Kd7 $1 $11 55. Kd5 Rxc6 56. Rxc6 Rxa7) 55. Ne5+ $2 (55. Nb8+ $18 Ke7 56. b4) 55... Ke7 $14 56. Nc6+ $2 (56. Rh6 $14) 56... Kd6 $18 57. Rb8 $2 {[%emt 0:01:04] Prevents Rxc6.} ({White must play} 57. Nb8+ $18 Ke7 58. b4) 57... Rcxa7 $11 {[%emt 0:00:45] The position is equal.} 58. Nxa7 Rxb8 59. Kc4 {[%emt 0:00:09] Prevents Rb4+} Kc7 60. Nb5+ {[%emt 0:00:05] Blacks defense is rewarded with a draw.   Weighted Error Value: White=0.37/Black=0.26 (precise)   Loses game:     	---       	Black=2      Missed win:     	White=2     	---        Mistake:       	White=6     	Black=6      Inaccurate:     	White=4     	Black=1      OK:         	White=17    	Black=21     Best:        	White=3     	Black=4      Strong:       	White=2     	Black=3} 1/2-1/2

[Event "Frauenbundesliga 2024-25"]
[Site "Germany"]
[Date "2025.01.25"]
[Round "3.4"]
[White "Bashylina, Luisa"]
[Black "Straub, Natalia"]
[Result "1/2-1/2"]
[Annotator "TA"]
[ECO "D06"]
[WhiteElo "2142"]
[BlackElo "2132"]
[PlyCount "55"]
[EventDate "2024.11.06"]
[EventType "team-tourn"]
[EventCountry "GER"]
[SourceTitle "playchess.com"]
[Source "ChessBase"]
[SourceQuality "1"]
[WhiteTeam "SG Solingen"]
[BlackTeam "Schachfreunde Deizisau"]
[TimeControl "40/5400+30:1800+30"]

1. d4 d5 2. c4 c5 3. dxc5 d4 4. Nf3 Nc6 5. e3 e5 6. exd4 {[%emt 0:01:58] D06: Queen's Gambit: Symmetrical and Baltic Defences.} e4 7. Nfd2 $146 {[%emt 0:06:25] [#]} (7. d5 exf3 8. dxc6 Qxd1+ 9. Kxd1 Bg4 10. Kc2 bxc6 11. Be3 Bf5+ 12. Kc1 Be4 13. gxf3 Bxf3 {1-0 Nakamura,H (2520)-Glek,I (2576) Internet Section 14-A blitz 2003 (7)}) 7... Qxd4 8. Be2 {[%emt 0:06:40] White has an edge.} Bxc5 ({Much weaker is} 8... Qxc5 $6 9. Nxe4 Qd4 10. Nbc3 $16) 9. O-O Qe5 10. Nc3 Nf6 11. Nb3 O-O {[%emt 0:10:01] A sharp opening} 12. Nxc5 Qxc5 13. Be3 Qe5 14. Qc1 Nd4 (14... Bg4 $11) 15. Re1 Nxe2+ 16. Nxe2 Ng4 17. Bf4 {[%emt 0:00:54] Successful Defense White} Qc5 18. Bg3 f5 19. h3 Ne5 20. b4 Qe7 21. Nf4 {[%emt 0:04:42] [#] Hoping for Nd5. Repels Nd3} Be6 22. c5 Bf7 23. h4 (23. Qc3 $11 {should be considered.}) 23... h6 24. h5 Rfe8 25. Qc3 {[%emt 0:01:02] The position is equal.} Rad8 26. a4 Nd3 27. Nxd3 Rxd3 28. Qxd3 {[%emt 0:03:31] Weighted Error Value: White=0.16 (very precise) /Black=0.14 (very precise)   Mistake:       	White=1     	Black=1      Inaccurate:     	White=6     	Black=3      OK:         	White=7     	Black=9      Best:        	White=1     	Black=1} 1/2-1/2

[Event "Frauenbundesliga 2024-25"]
[Site "Germany"]
[Date "2025.01.25"]
[Round "3.4"]
[White "Wagenschuetz, Evelyn"]
[Black "Koehler, Inken"]
[Result "1-0"]
[Annotator "TA"]
[ECO "B07"]
[WhiteElo "2004"]
[BlackElo "2053"]
[PlyCount "71"]
[EventDate "2024.11.06"]
[EventType "team-tourn"]
[EventCountry "GER"]
[SourceTitle "playchess.com"]
[Source "ChessBase"]
[SourceQuality "1"]
[WhiteTeam "Dippoldiswalde"]
[BlackTeam "Harksheide"]
[TimeControl "40/5400+30:1800+30"]

1. e4 d6 2. d4 Nf6 3. Nc3 Nbd7 4. f4 e5 5. Nf3 exd4 6. Qxd4 c6 7. Be3 d5 8. O-O-O Bc5 9. Qd2 Bb4 10. exd5 {[%emt 0:04:21] White has an edge.} Nxd5 11. Bd4 O-O 12. Bc4 N7f6 13. Bxd5 Nxd5 14. Qf2 ({Better is} 14. Bxg7 $1 $14 Kxg7 15. Qd4+ Kg8 16. Nxd5 Qxd5 17. Qxb4 Qxa2 18. Rhe1) 14... Qc7 (14... Nxf4 $2 15. Bxg7 (15. Bxa7 $2 Qa5 $19) 15... Qb6 16. Bd4 $18) (14... f6 $15 {should be considered.}) 15. Nxd5 $11 (15. Bxa7 $2 Nxc3 (15... Qxf4+ $2 16. Kb1 $19) (15... Nxf4 16. Bc5 $17) 16. bxc3 Ba3+ (16... Bxc3 $2 17. Bd4 $19) (16... Qxf4+ $2 17. Kb2 $19) 17. Kd2 c5 $19 (17... Qxf4+ $2 18. Be3 $19)) 15... cxd5 16. Be5 (16. Bxa7 $2 Bf5 (16... Qxf4+ 17. Kb1 $11) 17. Ne1 Rfc8 $19 (17... Rxa7 $2 18. Qxa7 Bxe1 19. Qa4 $19)) 16... Qc4 17. Qd4 f6 18. Qxc4 $1 dxc4 19. Bd6 Bxd6 20. Rxd6 Bg4 21. Nd2 Rac8 22. h3 Bf5 {[%emt 0:01:34] ...c3 would now be deadly.} 23. g4 Bg6 24. f5 Bf7 25. Rd7 (25. Ne4 $14) 25... c3 26. Ne4 cxb2+ 27. Kxb2 Be8 28. Re7 (28. Rxb7 $2 {too greedy.} Bc6 29. Re7 (29. Rxa7 $2 {loses.} Bxe4 30. Rh2 Rc4 $19) 29... Rce8 30. Nxf6+ (30. Rxe8 $2 Rxe8 31. Nxf6+ gxf6 $19) 30... gxf6 $19) 28... Ba4 29. Rh2 Rfe8 30. Rxe8+ Rxe8 {[%emt 0:00:01][%mdl 4096] Endgame. KRB-KRN} 31. Nc5 Bc6 32. Rd2 Re5 (32... g6 $1 $15) 33. Rd8+ Kf7 34. Ne6 Bd5 $2 (34... g6 $11) 35. Rd7+ $18 Ke8 $2 {[%emt 0:00:25] [#]} (35... Kg8 36. Rxg7+ (36. Nxg7 Bf7 $16) 36... Kh8) 36. Rxd5 $1 {[%emt 0:00:29][%mdl 512] Weighted Error Value: White=0.11 (very precise) /Black=0.42.  Loses game:     	---       	Black=1      Mistake:       	White=2     	Black=3      Inaccurate:     	---       	Black=2      OK:         	White=14    	Black=13     Best:        	White=1     	Black=1      Strong:       	White=1     	---        Brilliant:      	White=1     	---} 1-0

[Event "Frauenbundesliga 2024-25"]
[Site "Germany"]
[Date "2025.01.25"]
[Round "3.5"]
[White "Injac, Teodora"]
[Black "Cyfka, Karina"]
[Result "1/2-1/2"]
[Annotator "TA"]
[ECO "D02"]
[WhiteElo "2453"]
[BlackElo "2365"]
[PlyCount "95"]
[EventDate "2024.11.06"]
[EventType "team-tourn"]
[EventCountry "GER"]
[SourceTitle "playchess.com"]
[Source "ChessBase"]
[SourceQuality "1"]
[WhiteTeam "Baden-Baden"]
[BlackTeam "Bad Koenigshofen"]
[TimeControl "40/5400+30:1800+30"]

1. Nf3 d5 2. g3 Nd7 3. d4 Nb6 4. Nc3 Nf6 5. Bg2 h6 6. a4 {[%emt 0:08:12] D02: 1 d4 d5 2 Nf3 sidelines, including 2...Nf6 3 g3 and 2...Nf6 3 Bf4.} a5 7. b3 Bf5 $146 (7... e6 8. O-O Bd6 9. Nb5 O-O 10. Qd3 Bd7 11. c4 Bxb5 12. axb5 Be7 13. Bd2 Bb4 14. Bxb4 axb4 {1-0 Thybo,J (2587)-Kanyamarala,T (2093) EU-Cup 36th Struga 2021 (4.4)}) 8. Ba3 Ne4 9. Nxe4 dxe4 10. Ne5 f6 11. Nc4 Nxc4 12. bxc4 Qd7 13. c3 Kf7 14. e3 e6 15. Bxf8 Rhxf8 16. Qc2 (16. Rb1 $16) 16... Qc6 $14 17. O-O Qxc4 18. Bxe4 Bxe4 19. Qxe4 b6 20. Qf3 Rad8 21. Rfd1 Kg8 22. e4 e5 23. d5 {[%emt 0:08:11] The position is equal.} c6 24. Rab1 cxd5 25. Rxd5 Rxd5 26. exd5 Rd8 27. Rxb6 {[%emt 0:06:19] d6 would now be deadly.} Qxd5 28. Qxd5+ Rxd5 $11 {[%emt 0:00:04][%mdl 4096] Endgame KR-KR} 29. Rb5 Rd1+ 30. Kg2 Rc1 31. Rc5 Kf7 32. g4 Ke6 33. h4 g6 34. Rxa5 Rxc3 35. Ra6+ Kf7 36. Ra7+ Ke6 37. a5 Rc4 38. Kf3 Rf4+ 39. Kg3 h5 40. f3 Ra4 41. Ra6+ Kf7 42. g5 fxg5 43. hxg5 Kg7 44. Ra7+ Kg8 45. a6 Ra2 46. Ra8+ Kg7 47. Ra7+ Kg8 48. Ra8+ {[%emt 0:00:26] Weighted Error Value: White=0.06 (flawless) /Black=0.04 (flawless)   Mistake:       	White=1     	---        Inaccurate:     	White=2     	Black=1      OK:         	White=10    	Black=25     Best:        	White=1     	Black=1} 1/2-1/2

[Event "Frauenbundesliga 2024-25"]
[Site "Germany"]
[Date "2025.01.25"]
[Round "3.5"]
[White "Dwilewicz, Katarzyna"]
[Black "Agrest, Inna"]
[Result "0-1"]
[Annotator "TA"]
[ECO "C28"]
[WhiteElo "2173"]
[BlackElo "2159"]
[PlyCount "122"]
[EventDate "2024.11.06"]
[EventType "team-tourn"]
[EventCountry "GER"]
[SourceTitle "playchess.com"]
[Source "ChessBase"]
[SourceQuality "1"]
[WhiteTeam "Schachfreunde Deizisau"]
[BlackTeam "SG Solingen"]
[TimeControl "40/5400+30:1800+30"]

1. e4 e5 2. Bc4 Nc6 3. Nc3 Nf6 4. d3 Na5 5. Qf3 c6 6. Nge2 {[%emt 0:01:51] C28: Vienna Game: 2...Nf6 3 Bc4 Nc6.} b5 7. Bb3 d6 8. h3 {[%emt 0:01:08] The position is equal.} Be7 9. Ng3 g6 $146 (9... O-O $11) (9... O-O 10. O-O h6 11. Nf5 Bxf5 12. Qxf5 Re8 13. Be3 Bf8 14. Rad1 Nxb3 15. axb3 g6 {0-1 Mikalsen,E (2354)-Alekseenko,K (2691) EU-Cup 37th Mayrhofen 2022 (1.3)}) 10. Bh6 $14 Nxb3 11. axb3 Nd7 12. b4 a5 {[%emt 0:04:21] [#]} 13. h4 Bxh4 14. bxa5 b4 $1 15. Nd1 {[%emt 0:04:05][%cal Bc3d1,Bd1e3,Be3c4][%mdl 32] A sharp opening} Bf6 16. Ne3 Nc5 17. Nc4 {[%emt 0:02:47][%cal Od3d4] d4! is the strong threat.} b3 (17... Be6 $1 $11 {remains equal.}) 18. c3 $2 (18. Nb6 $6 Rb8 $16) (18. d4 $1 $16 Ba6 19. dxc5 (19. cxb3 Nd7 $16) (19. Nxd6+ Qxd6 20. dxc5 Qd8 $16) 19... Bxc4 20. cxb3) 18... Ba6 $15 19. O-O Bxc4 20. dxc4 Bg5 21. Bxg5 Qxg5 22. Rfd1 Qe7 {[%emt 0:00:27] Successful Defense Black} (22... Ke7 {with more complications.} 23. Ne2 h5 24. Nc1 Qg4) 23. Rd2 (23. Ra3 $11) 23... O-O 24. Qe3 (24. Qd1 $15) 24... Rfd8 25. Qh6 Rd7 26. Re2 (26. f3 $17) 26... Ne6 (26... Rda7 $19 27. Re3 f6 (27... Rxa5 $2 28. Rxa5 Rxa5 29. Nf5 $19)) 27. Re3 (27. Qc1 $17) 27... Qg5 (27... Rda7 $19 28. Nf5 Qf8 (28... gxf5 29. exf5 Qf8 30. Qh4 $11)) 28. Qxg5 Nxg5 29. Rd3 (29. Nf1 $15) 29... Ne6 30. f3 Kf8 (30... Rda7 $1 $17 31. Nh1 (31. Rxd6 $2 Rxa5 32. Rad1 Ra2 $19) 31... Rxa5 32. Rxa5 Rxa5) 31. Ne2 (31. Ra3 $15) 31... Ke7 $17 32. Ra3 {[%emt 0:01:44] [#]} (32. Kf2 $17 {might work better.}) 32... Rda7 $1 $19 33. Rd1 (33. Rxb3 $2 Nc5 (33... Rxa5 34. Rb7+ Kf8 35. Rxd6 $16) 34. Nc1 Nxb3 (34... Rxa5 $2 35. Rb6 $19) (34... Nxd3 $2 35. Nxd3 Rxa5 36. Rb7+ Kf6 37. Nb4 $19) 35. Nxb3 Rb7 $19) 33... Nc5 ({Black should try} 33... Rxa5 $19 34. Rxb3 R5a7) 34. Rda1 $17 f5 35. exf5 gxf5 36. Nc1 Rb8 37. Kf2 Ke6 38. g3 h5 {[%emt 0:01:47][%cal Oh5h4] Black has more active pieces. The white rooks are passive.} 39. a6 {[%emt 0:03:43] [#]} Rb6 (39... Rg8 $1 $17 {[%cal Oh5h4] ...h4! is the strong threat.} 40. Ra5 (40. Nxb3 Nd3+ 41. Ke2 Nxb2 $17) 40... Ke7) 40. Ke3 Raxa6 (40... Nxa6 41. c5 f4+ 42. gxf4 dxc5 43. Nd3 (43. Rxb3 exf4+ 44. Ke4 Rxb3 $16) 43... exf4+ 44. Nxf4+ Kd7 45. Kf2 $18 (45. Nxh5 Kc8 $18)) 41. Rxa6 (41. Nd3 $2 Nxd3 42. Kxd3 Rxa3 43. Rxa3 Rb7 $19) 41... Nxa6 $15 {[%emt 0:01:13][%mdl 4096] Endgame KRN-KRN. Black is a pawn up.} 42. Nd3 Kf6 43. Rh1 Kg6 44. f4 {[%emt 0:02:14] Loses the game.} (44. c5 Nxc5 (44... dxc5 $2 45. Nxe5+ Kh6 46. Kf4 $18) 45. Nxc5 dxc5 $17) ({White should try} 44. Ra1 $15) 44... e4 $19 45. Nc1 (45. c5 {was the only defense.} Rb7 (45... dxc5 $2 {is the wrong capture.} 46. Ne5+ Kh6 47. Rd1 $16) (45... Nxc5 $2 46. Nxc5 dxc5 47. Ra1 $19) 46. Ra1 Nxc5 47. Nxc5 dxc5 48. Ra5) 45... Nc5 46. Rd1 Nb7 47. Ne2 Ra6 48. Rd2 $2 (48. c5 dxc5 49. Kf2) 48... c5 49. Nc1 Na5 50. Re2 Nxc4+ 51. Kf2 Rb6 52. g4 hxg4 53. Kg3 d5 54. Rh2 d4 55. cxd4 cxd4 {[%emt 0:00:04] ( -> ...d3)} 56. Rh8 d3 {[%emt 0:00:39] Black mates.} 57. Rd8 Nxb2 58. Kh4 e3 59. Nxd3 Nxd3 60. Rxd3 e2 61. Rxb3 e1=Q+ {[%emt 0:00:11] Weighted Error Value: White=0.74/Black=0.19 (very precise)   Mistake:       	White=12    	Black=7      Inaccurate:     	White=2     	Black=3      OK:         	White=14    	Black=10     Best:        	White=5     	Black=6      Strong:       	---       	Black=2} 0-1

[Event "Frauenbundesliga 2024-25"]
[Site "Germany"]
[Date "2025.01.25"]
[Round "3.5"]
[White "Brandt, Carina"]
[Black "Peglau, Mirjam"]
[Result "0-1"]
[Annotator "TA"]
[ECO "B17"]
[WhiteElo "2061"]
[BlackElo "1958"]
[PlyCount "126"]
[EventDate "2024.11.06"]
[EventType "team-tourn"]
[EventCountry "GER"]
[SourceTitle "playchess.com"]
[Source "ChessBase"]
[SourceQuality "1"]
[WhiteTeam "Harksheide"]
[BlackTeam "Dippoldiswalde"]
[TimeControl "40/5400+30:1800+30"]

1. e4 c6 2. d4 d5 3. Nd2 dxe4 4. Nxe4 Nd7 5. b3 Ngf6 6. Ng3 {[%emt 0:00:28] B17: Caro-Kann: Modern Line (4...Nd7).} e6 7. Bb2 Qa5+ $146 (7... Be7 8. Bd3 O-O 9. N1e2 c5 10. O-O Qc7 11. c4 b6 12. Rc1 Bb7 13. Kh1 Rad8 {½-½ Ull Molina,C (1850)-Carbonell Sancho,M (1824) Alzira op 4th 2014 (5)}) 8. c3 {[%emt 0:00:15] The position is equal.} c5 9. Nf3 Nd5 (9... cxd4 $11 10. Nxd4 Be7) 10. Qd2 (10. Bc4 $14) 10... b6 (10... cxd4 $11 {keeps the balance.} 11. Qxd4 Be7) 11. a4 $1 $16 Ba6 {[%emt 0:03:00] [#] Prevents Bb5} (11... a6 $16 {might work better.}) 12. Bb5 ({White should try} 12. Bxa6 $1 $18 Qxa6 13. c4) 12... N5f6 $2 (12... Bxb5 $16 13. axb5 Qxb5) 13. c4 $2 (13. Qd3 $18 {has better winning chances.}) 13... Qxd2+ 14. Kxd2 {[%emt 0:00:35] A sharp opening} Bb7 {[%emt 0:01:33] [#]} 15. d5 O-O-O ({Black should try} 15... Bd6 $14) (15... exd5 16. Rhe1+) 16. Ng5 $18 Rg8 (16... a6 $142) 17. Nxf7 (17. dxe6 fxe6 18. Nxe6 Re8) 17... Re8 18. a5 exd5 19. axb6 $1 axb6 20. cxd5 ({White must play} 20. Bxf6 $18 Nxf6 21. Bxe8 Nxe8 22. Nf5) 20... Bxd5 $14 21. Bxf6 gxf6 22. Ra7 $1 {[%emt 0:00:06][%cal Oh1a1] White attacks} Re7 $1 23. Nd6+ Kb8 24. Rha1 {[%emt 0:00:10] White has strong rooks and is better} (24. Rxd7 Rxd7 25. Bxd7 Bxd6 $15) 24... Ne5 25. R7a6 Re6 $1 $36 {[%emt 0:03:41][%mdl 2048] Black has some pressure.} 26. Nc4 (26. Rxb6+ $2 Kc7 27. f4 Ng6 $19 (27... Kxb6 $2 28. Ra6+ Kc7 29. fxe5 $19) (27... Rxd6 28. Rxd6 Bxd6 29. fxe5 $17) (27... Bxg2 28. fxe5 Kxb6 29. Ra6+ Kc7 30. Bc4 $17)) 26... Nxc4+ {[%emt 0:02:54] Successful Defense Black} 27. Bxc4 Bxc4 28. bxc4 {[%emt 0:01:16] Threatens to win with Ra8+.} Kb7 29. Ra7+ Kc6 30. Rxh7 Bd6 31. Raa7 Rd8 (31... Rg4 {with more complications.} 32. Kc3 Re1 33. Nf5 Rc1+) 32. Kc2 $1 Bxg3 33. hxg3 $11 {[%emt 0:00:01][%mdl 4096] Endgame KRR-KRR. White is a pawn up.} Re2+ 34. Kc3 Rxf2 35. Rhc7+ Kd6 36. Rcb7 Kc6 37. Rc7+ Kd6 38. Rf7 Ke6 39. Rae7+ Kf5 40. Re3 Kg6 41. Rfe7 (41. Rb7 $1 $15) 41... Ra8 $1 $17 {[%emt 0:09:44][%cal Ra8a3] Black is more active.} (41... Rxg2 42. R7e6 $15) 42. Re2 (42. Kd3 $17 {was the only defense.}) 42... Rxe2 43. Rxe2 $19 {[%emt 0:00:00] KR-KR} Ra3+ 44. Kd2 $2 {[%emt 0:00:00] [#]} (44. Kb2 Rxg3 45. Re6) 44... Rxg3 $2 (44... Ra2+ $1 $19 45. Ke3 Ra3+ 46. Kf4 Rc3) 45. Re6 $2 (45. Kd1 $17) 45... Rxg2+ 46. Kc3 Rg3+ 47. Kc2 Rg5 48. Rxb6 {[%emt 0:00:00] [#]} Re5 $1 49. Kd3 Kg5 50. Rb8 Kf4 51. Rc8 f5 52. Rg8 Kf3 53. Rg5 Kf4 54. Rg8 Re3+ 55. Kd2 Re4 56. Kd3 Kf3 57. Rg5 $2 (57. Rd8 f4 58. Rd5) 57... Re5 58. Kd2 Ke4 {aiming for ...f4.} 59. Kc3 f4 {Black mates.} 60. Rg1 f3 61. Kd2 Kd4 62. Rc1 f2 63. Rf1 Rf5 {[%emt 0:03:00] Never resign too early!   Weighted Error Value: White=0.78/Black=0.43  Loses game:     	White=1     	Black=1      Missed win:     	White=2     	Black=1      Mistake:       	White=6     	Black=5      Inaccurate:     	White=6     	Black=4      OK:         	White=12    	Black=8      Best:        	White=3     	Black=8      Strong:       	White=3     	Black=4      Brilliant:      	White=1     	---} ({Less strong is} 63... Kxc4 64. Rxf2 Rg5 65. Kc2 $11) 0-1